 Dungeon Crawl Stone Soup version 0.30-a0-930-gb9d0489357 (webtiles) character file.

Game seed: 934524660911862741

3761 bearlyready the Cleaver (level 9, -5/108 HPs)
             Began as an Armataur Berserker on Mar 24, 2023.
             Was an Elder of Trog.
             Slain by Psyche
             ... wielding a +3 dagger of distortion
              (13 damage)
             ... on level 8 of the Dungeon.
             The game lasted 00:11:01 (6328 turns).

bearlyready the Cleaver (Armataur Berserker)        Turns: 6328, Time: 00:11:01

Health: -5/108     AC:  6    Str: 26    XL:     9   Next: 94%
Magic:  9/9        EV:  9    Int:  8    God:    Trog [****..]
Gold:   140        SH:  5    Dex: 10    Spells: 8/8 levels left

rFire   . . .      SeeInvis .    q - +1 hand axe (elec)
rCold   . . .      Faith    .    (no shield)
rNeg    . . .      Spirit   .    l - +0 ring mail
rPois   .          Reflect  +    (no helmet)
rElec   .          Roll     +    (no cloak)
rCorr   .                        (no gloves)
Will    .....                    (no barding) Stlth
                                 m - amulet of reflection
HPRegen 0.38/turn                (no ring)
MPRegen 0.11/turn                (no ring)

@: berserking, very quick
A: large, rugged brown scales 3, deformed body, armoured tail, roll, long
tongue, awkward tongue
a: Renounce Religion, Berserk, Trog's Hand, Brothers in Arms


You were on level 8 of the Dungeon.
You worshipped Trog.
Trog was greatly pleased with you.
You visited 1 branch of the dungeon, and saw 8 of its levels.
You also visited: Ossuary.

You collected 327 gold pieces.
You spent 187 gold pieces at shops.

Inventory:

Hand Weapons
 a - a +0 hand axe
 q - a +1 hand axe of electrocution (weapon)
Missiles
 b - 17 boomerangs
 f - 91 stones (quivered)
 p - 7 poisoned darts
 t - 3 curare-tipped darts
 B - 2 throwing nets
Armour
 l - a +0 ring mail (worn)
 n - a +0 tower shield
 A - a +0 buckler
 J - a +0 kite shield
Jewellery
 e - a ring of ice
 m - an amulet of reflection (around neck)
 z - the amulet of Daffodils {Acrobat Dex+2}
   (You found it on level 5 of the Dungeon)

   [amulet of the acrobat]

   It increases your evasion while moving and waiting.
   Dex:       It affects your dexterity (+2).
 C - a ring of fire
 I - a ring of ice
Wands
 x - a wand of paralysis (17)
Scrolls
 d - 5 scrolls of vulnerability
 h - 2 scrolls of poison
 k - 6 scrolls of enchant armour
 r - a scroll of immolation
 u - 3 scrolls of fear
 y - a scroll of amnesia {unknown}
 D - a scroll of summoning {unknown}
 K - a scroll of teleportation {unknown}
 L - a scroll of identify
Potions
 c - 3 potions of resistance {unknown}
 g - 6 potions of curing
 i - 5 potions of heal wounds
 j - 2 potions of attraction {unknown}
 o - 5 potions of might
 s - 3 potions of brilliance {unknown}
 v - 2 potions of degeneration {unknown}
 w - 2 potions of invisibility {unknown}
 E - 4 potions of lignification
 F - 4 potions of mutation
 G - a potion of flight {unknown}
 H - a potion of haste {unknown}
 M - a potion of ambrosia {unknown}


   Skills:
 - Level 2.6 Fighting
 + Level 10.4 Axes
 - Level 5.3 Throwing
 - Level 2.4 Armour
 - Level 1.3 Dodging
 + Level 4.7 Evocations


You had 8 spell levels left.
You didn't know any spells.
Your spell library was empty.

Dungeon Overview and Level Annotations

Branches:
Dungeon (8/15)             Temple (0/1) D:7            Lair (0/5) D:8
Ossuary (visited)

Altars:
Cheibriados
Qazlal
Uskayaw

Shops:
D:7 !   D:8 (

Annotations:
D:8 Psyche


Innate Abilities, Weirdness & Mutations

You are completely covered in rugged brown scales. (AC +3, +7% HP)
Armour fits poorly on your strangely shaped body.
You have a long armoured tail.
You roll when moving toward enemies. (Rampage)
Your long tongue fully drains potion bottles. (2x potion effects)
Your tongue gives you trouble enunciating. (1.5x scroll delay)


Message History

You closely miss the orc. The orc barely misses you.
The orc hits you with a +1 war axe of freezing.
The orc freezes you.
A red film seems to cover your vision as you go berserk!
You feel yourself moving faster!
You feel mighty! The orc hits you with a +0 club. The orc closely misses you.
You hit the orc.
You feel the power of Trog in you as your rage grows.
You kill the orc!
Trog accepts your kill.
You closely miss the orc.
Psyche zaps a wand.
You easily resist.
You roll towards Psyche!
You closely miss Psyche. You slash the orc!
You kill the orc!
Trog accepts your kill.
Psyche zaps a wand.
You suddenly lose the ability to move!
Psyche hits you but does no damage. Space warps horribly around you!!
Psyche hits you with a +3 dagger of distortion.
Space warps around you. Psyche hits you but does no damage.
Space warps around you.
Psyche zaps a wand.
You easily resist.
Psyche zaps a wand.
You shrug off the repeated paralysis!
The now-empty wand crumbles to dust.
Psyche hits you with a +3 dagger of distortion.
Space warps around you!
* * * LOW HITPOINT WARNING * * *
You can move again.
Unknown command.
Unknown command.
You barely miss Psyche. You tail-slap Psyche!
Psyche is moderately wounded.
Psyche hits you with a +3 dagger of distortion.
* * * LOW HITPOINT WARNING * * *
Space warps horribly around you!
* * * LOW HITPOINT WARNING * * *
You closely miss Psyche.
Psyche is moderately wounded.
Psyche hits you with a +3 dagger of distortion.
* * * LOW HITPOINT WARNING * * *
Space warps horribly around you!
You die...

*********##..#...##.###.....##...
**,* *,.................###*,##
,,,* *,*#...##.|........#*,,,,*
,,,* *,##...##.##.......#*,*,,*
,*******,......#.##.......#*,*,,*
,****,,,,......###........#*,*,,*
,,,,,,,,,,,*#..#∩'........#*,*,,*
**,,,,,,,,,*##.####)......#*,,,,*
*,,,,,,,,,* ##@@).#.....^#***,**
*,,,,,,,,,* #.)..'......# *,*
*,,,,,,,,,* #....#$.....#***,*
**,,,,,,,,,* #....##.......,,,*
,,,,,,,,,,,* #[....*.######****
**,,,,,,,,,* #.....#.# ******
**,,,,,***** #####.#.# *,,,,*
,,,,,,,,,** *******.#.#****,,,,*
,,,,,,,,,,***,,,,,,<,,,,,,,,,,,*


You could see Psyche.

Vanquished Creatures
  Pikel (D:6)
  A steam dragon (D:8)
  A basilisk (D:8)
  Duvessa (D:4)
  2 ice beasts
  A black bear (D:4)
  A centaur (D:8)
  4 lemures (D:6)
  3 bullfrogs
  An elf skeleton (D:8)
  6 gnoll sergeants
  11 scorpions
  3 wights (D:8)
  Dowan (D:4)
  A jelly (D:5)
  2 human zombies (Ossuary)
  A centaur zombie (Ossuary)
  8 hounds
  A gnoll bouda (D:5)
  4 orc priests
  An iguana (D:5)
  An orc wizard (D:3)
  3 scorpion zombies (Ossuary)
  3 mummies (Ossuary)
  23 gnolls
  6 adders
  A shadow imp (D:6)
  A white imp (D:6)
  An ufetubus (D:4)
  2 worms (D:2)
  4 dart slugs
  25 orcs
  2 endoplasms (D:4)
  7 giant cockroaches
  7 goblins
  7 hobgoblins
  5 jackals (D:5)
  4 quokkas
  8 ball pythons
  2 bats (D:2)
  2 frilled lizards (D:1)
  2 goblin zombies (Ossuary)
  4 hobgoblin zombies (Ossuary)
  A kobold (D:3)
  3 kobold zombies (Ossuary)
  An orc skeleton (D:8)
  An orc zombie (Ossuary)
  12 rats
193 creatures vanquished.

Vanquished Creatures (others)
  2 fungi (D:8)
  12 plants (D:7)
14 creatures vanquished.

Grand Total: 207 creatures vanquished

Notes
Turn   | Place    | Note
-------+----------+-------------------------------------------
     0 | D:1      | bearlyready the Armataur Berserker began the quest for the
                  | Orb.
     0 | D:1      | Reached XP level 1. HP: 19/19 MP: 1/1
   121 | D:1      | Reached skill level 3 in Axes
   121 | D:1      | Reached XP level 2. HP: 26/26 MP: 2/2
   994 | D:2      | Reached XP level 3. HP: 28/32 MP: 3/3
  1115 | D:2      | Reached ** piety under Trog
  1204 | D:2      | Reached skill level 4 in Axes
  1288 | D:2      | Reached XP level 4. HP: 34/39 MP: 4/4
  1891 | D:3      | Reached XP level 5. HP: 7/44 MP: 5/5
  1893 | D:3      | Reached skill level 5 in Axes
  2037 | D:3      | Found a hide-covered altar of Uskayaw.
  2245 | D:4      | Reached XP level 6. HP: 45/53 MP: 6/6
  2365 | D:4      | Reached *** piety under Trog
  2654 | D:4      | Noticed Duvessa
  2655 | D:4      | Noticed Dowan
  2663 | D:4      | Killed Duvessa
  2663 | D:4      | Killed Dowan
  2664 | D:4      | Reached skill level 6 in Axes
  2666 | D:4      | Reached XP level 7. HP: 59/59 MP: 7/7
  2898 | D:5      | Entered Level 5 of the Dungeon
  2960 | D:5      | Reached skill level 7 in Axes
  3157 | D:5      | Identified the amulet of Daffodils {Acrobat Dex+2}
  3394 | D:5      | Reached skill level 8 in Axes
  3560 | D:5      | Reached skill level 1 in Evocations
  3560 | D:5      | Reached XP level 8. HP: 66/66 MP: 8/8
  3574 | D:5      | Reached **** piety under Trog
  4897 | D:6      | Reached skill level 9 in Axes
  4981 | D:6      | Noticed Pikel
  4993 | D:6      | Killed Pikel
  4994 | D:6      | Reached XP level 9. HP: 72/72 MP: 9/9
  5238 | D:7      | Found Zynipni's Distillery.
  5241 | D:7      | Found a staircase to the Ecumenical Temple.
  5271 | D:7      | Bought 2 potions of curing for 66 gold pieces
  5271 | D:7      | Bought a potion of lignification for 33 gold pieces
  5271 | D:7      | Bought a potion of mutation for 88 gold pieces
  5591 | D:7      | Found a snail-covered altar of Cheibriados.
  5740 | D:7      | Found a stormy altar of Qazlal.
  5915 | D:8      | Found a sand-covered staircase.
  5929 | Ossuary  | Entered an ossuary
  6035 | Ossuary  | Reached skill level 10 in Axes
  6098 | Ossuary  | Reached skill level 5 in Throwing
  6274 | D:8      | Paralysed by a wight for 3 turns
  6286 | D:8      | Found Morghefo's Weapon Shop.
  6315 | D:8      | Noticed Psyche
  6321 | D:8      | Paralysed by Psyche for 5 turns
  6328 | D:8      | Slain by Psyche

Illustrated notes

Levels and vault maps discovered:
D:1:      nagdon_arrival_double_spiral, layout_basic, minmay_worlds_worst_comb
D:2:      layout_rooms
D:3:      layout_basic, old_standard_altar, chequers_serial_rivers_large_b,
          minmay_misc_feat_cross, minmay_fountain_box
D:4:      layout_loops_cross, minivault_24, uniq_duvessa
D:5:      layout_cave_pools, serial_gnoll_camp, gnoll_camp_huts_moat,
          gnoll_camp_mini_hut, gnoll_camp_mini_loothouse, gnoll_camp_mini_basic,
          gnoll_camp_mini_hut
D:6:      layout_loops_ring, minmay_tree_intersection,
          nicolae_underground_beach, uniq_pikel
D:7:      layout_rooms, mainiacjoe_overflow_catwalk_spiral,
          minmay_temple_entry_trees, serial_shops, shop,
          minmay_misc_feat_pillars, nicolae_grassy_gnolls
D:8:      layout_basic, david_lair_generic, serial_shops,
          nicolae_shop_window_shopping, enter_bailey_3,
          nicolae_ossuary_entry_catacombs, uniq_psyche

Skill      XL: |  1  2  3  4  5  6  7  8  9 |
---------------+----------------------------+-----
Axes           | 3 4 5 6 8 9 10 | 10.4
Evocations     | 1 4 |  4.7
Throwing       | 2 5 |  5.3
Fighting       | |  2.6
Armour         | |  2.4
Dodging        | |  1.3

Action                     |  1- 3 |  4- 6 |  7- 9 || total
---------------------------+-------+-------+-------++-------
  Melee: Hand axe          |   104 |    85 |   320 ||   509
         Tailslap          |     9 |     6 |    45 ||    60
         Punch             |       |       |     5 ||     5
 Invoke: Berserk           |       |     2 |     8 ||    10
  Evoke: Wand              |       |       |     3 ||     3
    Use: Scroll            |       |       |     8 ||     8
         Potion            |       |       |     1 ||     1
   Stab: Sleeping          |     2 |       |       ||     2
         Paralysed         |       |       |     4 ||     4
 Armour: Animal skin       |    20 |       |       ||    20
         Ring mail         |    25 |    38 |    86 ||   149
  Dodge: Dodged            |    45 |    42 |   116 ||   203
  Block: Other             |       |    23 |    61 ||    84
         Reflection        |       |       |     7 ||     7

Table legend: (Time is in decaauts)
 A = Elapsed time spent in this place.
 B = Non-inter-level travel time spent in this place.
 C = Inter-level travel time spent in this place.
 D = Time resting spent in this place.
 E = Time spent auto-exploring this place.
 F = Levels seen in this place.
 G = Mean time per level.
                   A        B        C        D        E       F      G
               +--------+--------+--------+--------+--------+-----+--------+
         Total |   6369 |   6146 |    223 |    331 |   4512 |   9 |  707.7 |
       Dungeon |   6085 |   5862 |    223 |    331 |   4512 |   8 |  760.6 |
       Ossuary |    284 |    284 |      0 |      0 |      0 |   1 |  284.0 |
               +--------+--------+--------+--------+--------+-----+--------+

Top non-repeatable levels by time:
     D:5: 1545 daAuts
     D:1: 994 daAuts
     D:3: 751 daAuts
     D:6: 743 daAuts
     D:7: 677 daAuts
     D:4: 668 daAuts
     D:2: 516 daAuts
 Ossuary: 284 daAuts
     D:8: 188 daAuts
